TOP OF THE 1ST |
Bowling Green Hot Rods batting - Pitching for Lexington Legends : RHP Gabe Torres
|
Pitching: RHP Gabe Torres
|
|
Batting: RHB Jonathan Fraire
|
0-0: Ball 1-0: Foul Ball, location: 2F 1-1: Swinging Strike 1-2: Ball 2-2: Ball 3-2: Foul Ball, location: 2F 3-2: Base on Balls
|
Batting: LHB Jake Rheaume
|
0-0: Called Strike 0-1: Ball 1-1: Swinging Strike 1-2: Ball Wild Pitch! Jonathan Fraire to second 2-2: Foul Ball, location: 2F 2-2: Ball 3-2: Base on Balls
|
Batting: RHB Adam Kaeser
|
0-0: Ball 1-0: Called Strike 1-1: Swinging Strike 1-2: Strikes out looking
|
Batting: LHB Mario Ocana
|
0-0: SINGLE (Groundball, 6M, EV 106.9 MPH) Jonathan Fraire to third Jake Rheaume to second Runner from 3rd tries for Home, SAFE, throw by CF to home
|
Batting: RHB David Ward
|
0-0: Called Strike 0-1: Ball 1-1: Fly out, F4 (Line Drive, 4, EV 70.6 MPH)
|
Pitching: LHP Joel Page
|
|
Batting: RHB Paul Landes
|
0-0: Fly out, F9 (Flyball, 9, EV 86.9 MPH)
|
Top of the 1st over - 1 run, 1 hit, 0 errors, 2 left on base; Bowling Green 1 - Lexington 0 |
BOTTOM OF THE 1ST |
Lexington Legends batting - Pitching for Bowling Green Hot Rods : RHP Eric Smith
|
Pitching: RHP Eric Smith
|
|
Batting: RHB Danny Weisse
|
0-0: Foul Ball, location: 2F 0-1: Ball 1-1: Ball 2-1: Foul Ball, location: 2F 2-2: Ball 3-2: Foul Ball, location: 2F 3-2: Base on Balls
|
Batting: SHB Jared O'Connor
|
0-0: Ball 1-0: Ball 2-0: Foul Ball, location: 2F 2-1: 2-RUN HOME RUN (Flyball, 9LD, EV 98.1 MPH), Distance : 344 ft
|
Batting: LHB Danny Bailey
|
0-0: Ball 1-0: Swinging Strike 1-1: Ball 2-1: Called Strike 2-2: Foul Ball, location: 2F 2-2: Ball 3-2: Base on Balls
|
Batting: LHB Robby Diaz
|
0-0: Called Strike 0-1: Foul Ball, location: 2F 0-2: Strikes out looking
|
Batting: RHB Kevin Roseen
|
0-0: Ball 1-0: Swinging Strike 1-1: Ball 2-1: Foul Ball, location: 2F 2-2: Foul Ball, location: 2F 2-2: Strikes out swinging Danny Bailey steals 2nd base Batter strikes out.
|
Batting: RHB Taisei Fujii
|
0-0: Fly out, F9 (Flyball, 89S, EV 92.5 MPH)
|
Bottom of the 1st over - 2 runs, 1 hit, 0 errors, 1 left on base; Bowling Green 1 - Lexington 2 |
TOP OF THE 2ND |
Bowling Green Hot Rods batting - Pitching for Lexington Legends : LHP Joel Page
|
Batting: LHB Jimmy Detrie
|
0-0: Called Strike 0-1: Ball 1-1: Ball 2-1: Ground out 4-3 (Groundball, 4, EV 86.2 MPH)
|
Batting: RHB Steve Byerly
|
0-0: Ball 1-0: SINGLE (Line Drive, 89M, EV 107.5 MPH)
|
Batting: RHB Dermott Kennelly
|
0-0: Fly out, F9 (Flyball, 9S, EV 90.0 MPH)
|
Batting: RHB Jonathan Fraire
|
0-0: Ball 1-0: Ball 2-0: Fly out, F9 (Line Drive, 9, EV 97.5 MPH)
|
Top of the 2nd over - 0 runs, 1 hit, 0 errors, 1 left on base; Bowling Green 1 - Lexington 2 |
BOTTOM OF THE 2ND |
Lexington Legends batting - Pitching for Bowling Green Hot Rods : RHP Eric Smith
|
Batting: SHB Jason Anaya
|
0-0: Ball 1-0: Fly out, F8 (Flyball, 8LXD, EV 92.5 MPH)
|
Batting: RHB Justin Bonner
|
0-0: Ball 1-0: Ball 2-0: Foul Ball, location: 2F 2-1: Foul Ball, location: 2F 2-2: Ground out 5-3 (Groundball, 5, EV 88.8 MPH)
|
Batting: RHB Andy Urquhart
|
0-0: Ball 1-0: Called Strike 1-1: Swinging Strike 1-2: Ball 2-2: Strikes out swinging
|
Bottom of the 2nd over - 0 runs, 0 hits, 0 errors, 0 left on base; Bowling Green 1 - Lexington 2 |
TOP OF THE 3RD |
Bowling Green Hot Rods batting - Pitching for Lexington Legends : LHP Joel Page
|
Batting: LHB Jake Rheaume
|
0-0: Ball 1-0: SINGLE (Line Drive, 89S, EV 93.1 MPH)
|
Batting: RHB Adam Kaeser
|
0-0: Ball 1-0: Called Strike 1-1: Ball 2-1: Foul Ball, location: 2F 2-2: Foul Ball, location: 2F 2-2: Ball 3-2: Strikes out looking Jake Rheaume is caught stealing 2nd base 2-4 Batter strikes out.
|
Batting: LHB Mario Ocana
|
0-0: Ball 1-0: SINGLE (Line Drive, 8LS, EV 90.0 MPH)
|
Batting: RHB David Ward
|
0-0: Foul Ball, location: 2F 0-1: Swinging Strike 0-2: Ball 1-2: Foul Ball, location: 2F 1-2: Strikes out swinging
|
Top of the 3rd over - 0 runs, 2 hits, 0 errors, 1 left on base; Bowling Green 1 - Lexington 2 |
BOTTOM OF THE 3RD |
Lexington Legends batting - Pitching for Bowling Green Hot Rods : RHP Eric Smith
|
Batting: RHB Danny Weisse
|
0-0: Called Strike 0-1: TRIPLE (Line Drive, 7D, EV 105.6 MPH)
|
Batting: SHB Jared O'Connor
|
0-0: Ball 1-0: Foul Ball, location: 2F 1-1: Foul Ball, location: 2F 1-2: Ball 2-2: Ball 3-2: Strikes out looking
|
Batting: LHB Danny Bailey
|
0-0: Ball 1-0: Ball 2-0: Ball 3-0: Called Strike 3-1: Base on Balls
|
Batting: LHB Robby Diaz
|
0-0: Ball 1-0: Called Strike 1-1: Grounds into double play, 4-6-3 (Groundball, 4M, EV 105.0 MPH)
|
Bottom of the 3rd over - 0 runs, 1 hit, 0 errors, 1 left on base; Bowling Green 1 - Lexington 2 |
TOP OF THE 4TH |
Bowling Green Hot Rods batting - Pitching for Lexington Legends : LHP Joel Page
|
Batting: RHB Paul Landes
|
0-0: Foul Ball, location: 2F 0-1: Ball 1-1: Called Strike 1-2: Ball 2-2: Strikes out looking
|
Batting: LHB Jimmy Detrie
|
0-0: Fly out, F8 (Flyball, 8LXD, EV 90.6 MPH)
|
Batting: RHB Steve Byerly
|
0-0: Ground out 4-3 (Groundball, 4, EV 89.4 MPH)
|
Top of the 4th over - 0 runs, 0 hits, 0 errors, 0 left on base; Bowling Green 1 - Lexington 2 |
BOTTOM OF THE 4TH |
Lexington Legends batting - Pitching for Bowling Green Hot Rods : RHP Eric Smith
|
Batting: RHB Kevin Roseen
|
0-0: Ball 1-0: SINGLE (Flyball, 9LS, EV 86.2 MPH)
|
Batting: RHB Taisei Fujii
|
0-0: Ball 1-0: Ball 2-0: Ball 3-0: Called Strike 3-1: Foul Ball, location: 2F 3-2: Foul Ball, location: 2F 3-2: Ground out 4-3 (Groundball, 34, EV 90.6 MPH) Kevin Roseen to second
|
Batting: SHB Jason Anaya
|
0-0: Called Strike 0-1: Swinging Strike 0-2: Strikes out swinging
|
Batting: RHB Justin Bonner
|
0-0: Swinging Strike 0-1: Ball 1-1: Ball 2-1: Foul Ball, location: 2F 2-2: Foul Ball, location: 2F 2-2: Ground out 6-3 (Groundball, 6, EV 88.8 MPH)
|
Bottom of the 4th over - 0 runs, 1 hit, 0 errors, 1 left on base; Bowling Green 1 - Lexington 2 |
TOP OF THE 5TH |
Bowling Green Hot Rods batting - Pitching for Lexington Legends : LHP Joel Page
|
Batting: RHB Dermott Kennelly
|
0-0: Ball 1-0: Ball 2-0: Ground out 6-3 (Groundball, 6, EV 100.6 MPH)
|
Batting: RHB Jonathan Fraire
|
0-0: TRIPLE (Line Drive, 89XD, EV 102.5 MPH)
|
Batting: LHB Jake Rheaume
|
0-0: Swinging Strike 0-1: Called Strike 0-2: Ball 1-2: Ball 2-2: Fly out, F7 (Line Drive, 7, EV 91.9 MPH) Runner from 3rd tags up, SCORES, throw by LF
|
Batting: RHB Adam Kaeser
|
0-0: Swinging Strike 0-1: Foul Ball, location: 2F 0-2: Foul Ball, location: 2F 0-2: SINGLE (Flyball, 78M, EV 99.4 MPH)
|
Pitching: RHP Brian Straub
|
|
Batting: LHB Mario Ocana
|
0-0: Ball 1-0: Fly out, F8 (Flyball, 8RM, EV 95.0 MPH)
|
Top of the 5th over - 1 run, 2 hits, 0 errors, 1 left on base; Bowling Green 2 - Lexington 2 |
BOTTOM OF THE 5TH |
Lexington Legends batting - Pitching for Bowling Green Hot Rods : RHP Eric Smith
|
Batting: RHB Andy Urquhart
|
0-0: Ball 1-0: Foul Ball, location: 2F 1-1: Ball 2-1: Ball 3-1: Base on Balls
|
Pitching: RHP Jeremy Price
|
|
Batting: RHB Danny Weisse
|
0-0: Ball 1-0: Grounds into double play, 6-4-3 (Groundball, 6, EV 97.5 MPH)
|
Batting: SHB Jared O'Connor
|
0-0: Foul Ball, location: 2F 0-1: Swinging Strike 0-2: Ball 1-2: Foul Ball, location: 2F 1-2: Foul Ball, location: 2F 1-2: Foul Ball, location: 2F 1-2: Ball 2-2: Foul Ball, location: 2F 2-2: Foul Ball, location: 2F 2-2: SINGLE (Groundball, 5S, EV 65.0 MPH) (infield hit)
|
Batting: LHB Danny Bailey
|
0-0: Ball 1-0: Ball 2-0: Fly out, F8 (Flyball, 89D, EV 104.4 MPH)
|
Bottom of the 5th over - 0 runs, 1 hit, 0 errors, 1 left on base; Bowling Green 2 - Lexington 2 |
TOP OF THE 6TH |
Bowling Green Hot Rods batting - Pitching for Lexington Legends : RHP Brian Straub
|
Batting: RHB David Ward
|
0-0: SINGLE (Line Drive, 7S, EV 95.0 MPH)
|
Batting: RHB Paul Landes
|
0-0: Ball 1-0: Fly out, F4 (Popup, 4MD, EV 52.5 MPH)
|
Batting: LHB Jimmy Detrie
|
0-0: Swinging Strike 0-1: Called Strike 0-2: Ball Pickoff Throw by Catcher to First - Out! 1-2: Ground out 4-3 (Groundball, 4, EV 88.1 MPH)
|
Top of the 6th over - 0 runs, 1 hit, 0 errors, 0 left on base; Bowling Green 2 - Lexington 2 |
BOTTOM OF THE 6TH |
Lexington Legends batting - Pitching for Bowling Green Hot Rods : RHP Jeremy Price
|
Batting: LHB Robby Diaz
|
0-0: Called Strike 0-1: Foul Ball, location: 2F 0-2: Foul Ball, location: 2F 0-2: Strikes out swinging
|
Batting: RHB Kevin Roseen
|
0-0: Ball 1-0: Ball 2-0: Ball 3-0: Called Strike 3-1: Foul Ball, location: 2F 3-2: Strikes out looking
|
Batting: RHB Taisei Fujii
|
0-0: Fly out, F8 (Flyball, 8RD, EV 98.1 MPH)
|
Bottom of the 6th over - 0 runs, 0 hits, 0 errors, 0 left on base; Bowling Green 2 - Lexington 2 |
TOP OF THE 7TH |
Bowling Green Hot Rods batting - Pitching for Lexington Legends : RHP Brian Straub
|
Batting: RHB Steve Byerly
|
0-0: Foul Ball, location: 2F 0-1: Foul Ball, location: 2F 0-2: Ball 1-2: Foul Ball, location: 2F 1-2: Ground out 4-3 (Groundball, 4, EV 83.8 MPH)
|
DELAY
|
Rain delay of 63 minutes in the 7th inning.
|
Batting: RHB Dermott Kennelly
|
0-0: Ball 1-0: Called Strike 1-1: Ball 2-1: Ball 3-1: Ground out 5-3 (Groundball, 56, EV 85.6 MPH)
|
Batting: RHB Jonathan Fraire
|
0-0: Called Strike 0-1: Ball 1-1: Ball 2-1: Ball 3-1: Base on Balls
|
Batting: LHB Jake Rheaume
|
0-0: Ball Jonathan Fraire is caught stealing 2nd base 2-6
|
Top of the 7th over - 0 runs, 0 hits, 0 errors, 0 left on base; Bowling Green 2 - Lexington 2 |
BOTTOM OF THE 7TH |
Lexington Legends batting - Pitching for Bowling Green Hot Rods : RHP Jeremy Price
|
Pitching: RHP Alec Bassett
|
|
Batting: SHB Jason Anaya
|
0-0: Called Strike 0-1: Swinging Strike 0-2: Ball 1-2: Ball 2-2: Ball 3-2: Foul Ball, location: 2F 3-2: Foul Ball, location: 2F 3-2: Strikes out swinging
|
Batting: RHB Justin Bonner
|
0-0: Called Strike 0-1: Ball 1-1: Ball 2-1: SINGLE (Groundball, 34D, EV 108.1 MPH) (infield hit)
|
Pinch Hitting: LHB Ho-win Zhou
|
0-0: Ball 1-0: Ball 2-0: Fly out, F8 (Flyball, 8LM, EV 96.2 MPH)
|
Batting: RHB Danny Weisse
|
0-0: Ball 1-0: Called Strike 1-1: Ball 2-1: Foul Ball, location: 2F 2-2: Foul Ball, location: 2F 2-2: Ball 3-2: Foul Ball, location: 2F 3-2: Strikes out swinging
|
Bottom of the 7th over - 0 runs, 1 hit, 0 errors, 1 left on base; Bowling Green 2 - Lexington 2 |
TOP OF THE 8TH |
Bowling Green Hot Rods batting - Pitching for Lexington Legends : RHP Brian Straub
|
Pitching: LHP Anton Erlykov
|
|
Now at 2B: Matt Tittle
|
|
Now at SS: Justin Bonner
|
|
Batting: LHB Jake Rheaume
|
0-0: Called Strike 0-1: Called Strike 0-2: Ball 1-2: Foul Ball, location: 2F 1-2: Ball 2-2: Fly out, F7 (Flyball, 78D, EV 97.5 MPH)
|
Batting: RHB Adam Kaeser
|
0-0: Ball 1-0: Foul Ball, location: 2F 1-1: Ball 2-1: Foul Ball, location: 2F 2-2: Ball 3-2: Ground out 6-3 (Groundball, 6M, EV 111.9 MPH)
|
Batting: LHB Mario Ocana
|
0-0: Ball 1-0: Ground out 5-3 (Groundball, 56S, EV 81.2 MPH)
|
Top of the 8th over - 0 runs, 0 hits, 0 errors, 0 left on base; Bowling Green 2 - Lexington 2 |
BOTTOM OF THE 8TH |
Lexington Legends batting - Pitching for Bowling Green Hot Rods : RHP Alec Bassett
|
Batting: SHB Jared O'Connor
|
0-0: Called Strike 0-1: Swinging Strike 0-2: Foul Ball, location: 2F 0-2: Ball 1-2: Strikes out looking
|
Batting: LHB Danny Bailey
|
0-0: Ball 1-0: Foul Ball, location: 2F 1-1: Ball 2-1: Foul Ball, location: 2F 2-2: Ball 3-2: Base on Balls
|
Batting: LHB Robby Diaz
|
0-0: Called Strike 0-1: Ball 1-1: Ball Danny Bailey is caught stealing 2nd base 2-6 2-1: SINGLE (Flyball, 7S, EV 93.8 MPH)
|
Batting: RHB Kevin Roseen
|
0-0: Foul Ball, location: 2F 0-1: Swinging Strike 0-2: Strikes out swinging
|
Bottom of the 8th over - 0 runs, 1 hit, 0 errors, 1 left on base; Bowling Green 2 - Lexington 2 |
TOP OF THE 9TH |
Bowling Green Hot Rods batting - Pitching for Lexington Legends : LHP Anton Erlykov
|
Batting: RHB David Ward
|
0-0: Ball 1-0: Ball 2-0: Ball 3-0: Base on Balls
|
Batting: RHB Paul Landes
|
0-0: Foul Ball, location: 2F 0-1: Swinging Strike 0-2: Ball 1-2: Strikes out swinging
|
Batting: LHB Jimmy Detrie
|
0-0: Ball 1-0: Swinging Strike 1-1: Ground out U3 (Groundball, 34, EV 85.0 MPH) David Ward to second
|
Batting: RHB Steve Byerly
|
0-0: Fly out, F3 (Popup, 3, EV 71.9 MPH)
|
Top of the 9th over - 0 runs, 0 hits, 0 errors, 1 left on base; Bowling Green 2 - Lexington 2 |
BOTTOM OF THE 9TH |
Lexington Legends batting - Pitching for Bowling Green Hot Rods : RHP Alec Bassett
|
Pitching: RHP Al Speer
|
|
Batting: RHB Taisei Fujii
|
0-0: Ball 1-0: Called Strike 1-1: Foul Ball, location: 2F 1-2: Ball 2-2: Foul Ball, location: 2F 2-2: Strikes out swinging
|
Batting: SHB Jason Anaya
|
0-0: Ball 1-0: Foul Ball, location: 2F 1-1: Foul Ball, location: 2F 1-2: Foul Ball, location: 2F 1-2: Strikes out swinging
|
Batting: RHB Justin Bonner
|
0-0: Foul Ball, location: 2F 0-1: Swinging Strike 0-2: Strikes out looking
|
Bottom of the 9th over - 0 runs, 0 hits, 0 errors, 0 left on base; Bowling Green 2 - Lexington 2 |
TOP OF THE 10TH |
Bowling Green Hot Rods batting - Pitching for Lexington Legends : LHP Anton Erlykov
|
Batting: RHB Dermott Kennelly
|
0-0: Ball 1-0: Foul Ball, location: 2F 1-1: Ball 2-1: Called Strike 2-2: Foul Ball, location: 2F 2-2: Ball 3-2: Ground out 6-3 (Groundball, 6, EV 105.0 MPH)
|
Batting: RHB Jonathan Fraire
|
0-0: Ball 1-0: Ball 2-0: Ground out 4-3 (Groundball, 4, EV 104.4 MPH)
|
Batting: LHB Jake Rheaume
|
0-0: Ball 1-0: Ball 2-0: Called Strike 2-1: Ball 3-1: Base on Balls
|
Pitching: LHP Ken Milhouse
|
|
Batting: RHB Adam Kaeser
|
0-0: Called Strike 0-1: Foul Ball, location: 2F 0-2: Foul Ball, location: 2F 0-2: Strikes out swinging
|
Top of the 10th over - 0 runs, 0 hits, 0 errors, 1 left on base; Bowling Green 2 - Lexington 2 |
BOTTOM OF THE 10TH |
Lexington Legends batting - Pitching for Bowling Green Hot Rods : RHP Al Speer
|
Batting: RHB Matt Tittle
|
0-0: Ball 1-0: Called Strike 1-1: Foul Ball, location: 2F 1-2: Foul Ball, location: 2F 1-2: Foul Ball, location: 2F 1-2: Foul Ball, location: 2F 1-2: Fly out, F9 (Flyball, 9LM, EV 78.8 MPH)
|
Batting: RHB Danny Weisse
|
0-0: DOUBLE (Groundball, 5L, EV 105.0 MPH)
|
Batting: SHB Jared O'Connor
|
0-0: Ball Danny Weisse is caught stealing 3rd base 2-5 1-0: Called Strike 1-1: Ball 2-1: Ground out 4-3 (Groundball, 4S, EV 88.8 MPH)
|
Bottom of the 10th over - 0 runs, 1 hit, 0 errors, 0 left on base; Bowling Green 2 - Lexington 2 |
TOP OF THE 11TH |
Bowling Green Hot Rods batting - Pitching for Lexington Legends : LHP Ken Milhouse
|
Batting: LHB Mario Ocana
|
0-0: Ground out 6-3 (Groundball, 6, EV 82.5 MPH)
|
Batting: RHB David Ward
|
0-0: Called Strike 0-1: Ground out 5-3 (Groundball, 5, EV 101.9 MPH)
|
Batting: RHB Paul Landes
|
0-0: Ball 1-0: Foul Ball, location: 2F 1-1: Ball 2-1: Foul Ball, location: 2F 2-2: Fly out, F7 (Flyball, 7LS, EV 91.9 MPH)
|
Top of the 11th over - 0 runs, 0 hits, 0 errors, 0 left on base; Bowling Green 2 - Lexington 2 |
BOTTOM OF THE 11TH |
Lexington Legends batting - Pitching for Bowling Green Hot Rods : RHP Al Speer
|
Batting: LHB Danny Bailey
|
0-0: Ground out 4-3 (Groundball, 4, EV 86.2 MPH)
|
Batting: LHB Robby Diaz
|
0-0: Called Strike 0-1: Foul Ball, location: 2F 0-2: Ball 1-2: Strikes out swinging
|
Batting: RHB Kevin Roseen
|
0-0: Foul Ball, location: 2F 0-1: Ball 1-1: Ball 2-1: Ground out 6-3 (Groundball, 6, EV 85.6 MPH)
|
Bottom of the 11th over - 0 runs, 0 hits, 0 errors, 0 left on base; Bowling Green 2 - Lexington 2 |
TOP OF THE 12TH |
Bowling Green Hot Rods batting - Pitching for Lexington Legends : LHP Ken Milhouse
|
Batting: LHB Jimmy Detrie
|
0-0: Ball 1-0: Ground out 5-3 (Groundball, 5S, EV 90.6 MPH)
|
Batting: RHB Steve Byerly
|
0-0: Ground out 6-3 (Groundball, 6, EV 104.4 MPH)
|
Batting: RHB Dermott Kennelly
|
0-0: SINGLE (Groundball, 6MD, EV 103.8 MPH)
|
Batting: RHB Jonathan Fraire
|
0-0: Ball 1-0: SINGLE (Groundball, 34D, EV 109.4 MPH) Dermott Kennelly to second Runner from 2nd tries for 3rd, SAFE, throw by RF made to third Jonathan Fraire to second
|
Batting: LHB Jake Rheaume
|
0-0: Called Strike 0-1: Ball 1-1: Foul Ball, location: 2F 1-2: Ball 2-2: Ball 3-2: Ground out 4-3 (Groundball, 4, EV 90.0 MPH)
|
Top of the 12th over - 0 runs, 2 hits, 0 errors, 2 left on base; Bowling Green 2 - Lexington 2 |
BOTTOM OF THE 12TH |
Lexington Legends batting - Pitching for Bowling Green Hot Rods : RHP Al Speer
|
Pitching: LHP Brian Kelly
|
|
Batting: RHB Taisei Fujii
|
0-0: Ground out 6-3 (Groundball, 6, EV 101.2 MPH)
|
Pinch Hitting: RHB Yi-lin Niu
|
0-0: Fly out, F7 (Line Drive, 7D, EV 95.6 MPH)
|
Batting: RHB Justin Bonner
|
0-0: Called Strike 0-1: Ground out 5-3 (Groundball, 56, EV 107.5 MPH)
|
Bottom of the 12th over - 0 runs, 0 hits, 0 errors, 0 left on base; Bowling Green 2 - Lexington 2 |
TOP OF THE 13TH |
Bowling Green Hot Rods batting - Pitching for Lexington Legends : LHP Ken Milhouse
|
Now at 1B: Alex Cid
|
|
Batting: RHB Adam Kaeser
|
0-0: Called Strike 0-1: Ball 1-1: Foul Ball, location: 2F 1-2: Ball 2-2: Strikes out looking
|
Batting: LHB Mario Ocana
|
0-0: Swinging Strike 0-1: Ball 1-1: Ball 2-1: Foul Ball, location: 2F 2-2: Ball 3-2: Ground out 4-3 (Groundball, 4, EV 96.9 MPH)
|
Batting: RHB David Ward
|
0-0: DOUBLE (Groundball, 5L, EV 96.2 MPH)
|
Batting: RHB Paul Landes
|
0-0: Intentional Walk
|
Pitching: RHP Terry Romaine
|
|
Batting: LHB Jimmy Detrie
|
0-0: Foul Ball, location: 2F 0-1: Ball 1-1: Ball 2-1: Ball 3-1: Called Strike 3-2: SINGLE (Groundball, P, EV 95.0 MPH) (infield hit) David Ward to third Paul Landes to second
|
Batting: RHB Steve Byerly
|
0-0: Foul Ball, location: 2F 0-1: Swinging Strike 0-2: Fly out, F8 (Flyball, 8LM, EV 96.2 MPH)
|
Top of the 13th over - 0 runs, 2 hits, 0 errors, 3 left on base; Bowling Green 2 - Lexington 2 |
BOTTOM OF THE 13TH |
Lexington Legends batting - Pitching for Bowling Green Hot Rods : LHP Brian Kelly
|
Batting: RHB Matt Tittle
|
0-0: Ball 1-0: Ball 2-0: Called Strike 2-1: Called Strike 2-2: Strikes out looking
|
Batting: RHB Danny Weisse
|
0-0: Ball 1-0: Fly out, F9 (Line Drive, 9, EV 85.6 MPH)
|
Batting: SHB Jared O'Connor
|
0-0: Ball 1-0: Ball 2-0: Foul Ball, location: 2F 2-1: Fly out, F9 (Flyball, 89XD, EV 101.2 MPH)
|
Bottom of the 13th over - 0 runs, 0 hits, 0 errors, 0 left on base; Bowling Green 2 - Lexington 2 |
TOP OF THE 14TH |
Bowling Green Hot Rods batting - Pitching for Lexington Legends : RHP Terry Romaine
|
Batting: RHB Dermott Kennelly
|
0-0: Swinging Strike 0-1: Swinging Strike 0-2: Ball 1-2: Ball 2-2: Fly out, F9 (Flyball, 9, EV 88.1 MPH)
|
Batting: RHB Jonathan Fraire
|
0-0: Ball 1-0: Ball 2-0: Called Strike 2-1: Ball 3-1: Foul Ball, location: 2F 3-2: Ground out 6-3 (Groundball, 6, EV 88.8 MPH)
|
Batting: LHB Jake Rheaume
|
0-0: Called Strike 0-1: Foul Ball, location: 2F 0-2: Ball 1-2: Foul Ball, location: 2F 1-2: Fly out, F8 (Flyball, 8RM, EV 95.6 MPH)
|
Top of the 14th over - 0 runs, 0 hits, 0 errors, 0 left on base; Bowling Green 2 - Lexington 2 |
BOTTOM OF THE 14TH |
Lexington Legends batting - Pitching for Bowling Green Hot Rods : LHP Brian Kelly
|
Batting: LHB Danny Bailey
|
0-0: Ball 1-0: Swinging Strike 1-1: Ball 2-1: Ball 3-1: Base on Balls
|
Pinch Hitting: RHB Dante McCauley
|
0-0: Ball Danny Bailey steals 2nd base 1-0: Ball 2-0: Ball 3-0: Called Strike 3-1: Called Strike 3-2: Base on Balls
|
Batting: RHB Kevin Roseen
|
0-0: Ball 1-0: Foul Ball, location: 2F 1-1: Called Strike 1-2: Strikes out swinging
|
Batting: RHB Taisei Fujii
|
0-0: Ball 1-0: Called Strike 1-1: Swinging Strike 1-2: 3-RUN HOME RUN (Flyball, 7D, EV 103.8 MPH), Distance : 385 ft
|
Bottom of the 14th over - 3 runs, 1 hit, 0 errors, 0 left on base; Bowling Green 2 - Lexington 5 |
|
Game Over ... Lexington defeats Bowling Green, 5 to 2
|
|
|